 Dungeon Crawl Stone Soup version 0.31-a0-819-gf6de2f5ab6 (webtiles) character file.

Game seed: 14231440636319879914

56 LeprechaunX the Changeling (level 3, -7/24 HPs)
             Began as an Octopode Shapeshifter on Sept 23, 2023.
             Killed from afar by Sigmund (13 damage)
             ... with a puff of flame
             ... on level 2 of the Dungeon.
             The game lasted 00:01:19 (858 turns).

LeprechaunX the Changeling (Octopode Shapeshifter)   Turns: 858, Time: 00:01:19

Health: -7/24      AC:  1    Str: 15    XL:     3   Next: 95%
Magic:  3/3        EV: 13    Int: 12    God:
Gold:   55         SH:  0    Dex: 11    Spells: 2/2 levels left

rFire   . .          .
                       - Unarmed
rCold   . . .        (no shield)
rNeg    . . .        (helmet currently unavailable)
rPois   .            (no amulet)
rElec   .            (no ring)
rCorr   .            (no ring)
SInv    .            (no ring)
Will    .....        (no ring)
Stlth   ++           (no ring)
HPRegen 0.24/turn    (no ring)
MPRegen 0.08/turn    (no ring)
                     (no ring)

%: no passive effects
@: confused, beast-form
A: beast (slay +2), almost no armour, amphibious, 8 rings, camouflage 1,
gelatinous body 1, (nimble swimmer 1), tentacles
a: Begin Untransformation


You were on level 2 of the Dungeon.
You were a hulking beast.
You visited 1 branch of the dungeon, and saw 2 of its levels.

You collected 55 gold pieces.

Inventory:

Talismans
 b - a beast talisman (active)
 c - a flux talisman
Scrolls
 d - 3 scrolls of fog {unknown}
 e - a scroll of noise {unknown}
 g - a scroll of poison {unknown}
Potions
 a - a potion of lignification
 f - 2 potions of curing {unknown}
 h - a potion of mutation {unknown}
 i - a potion of heal wounds {unknown}
 j - a potion of might {unknown}


   Skills:
 + Level 1.7 Fighting
 + Level 2.5 Dodging
 + Level 3.3 Unarmed Combat
 * Level 3.6 Shapeshifting


You had 2 spell levels left.
You didn't know any spells.
Your spell library was empty.

Dungeon Overview and Level Annotations

Branches:
Dungeon (2/15)

Altars:

Shops:
D:1 (=:

Annotations:
D:2 Sigmund


Innate Abilities, Weirdness & Mutations

You are a hulking beast.
Your limbs bulge with bestial killing power. (Slay +2)
You cannot wear most types of armour.
You are amphibious.
You can wear up to eight rings at the same time.
Your skin changes colour to match your surroundings (Stealth+).
Your rubbery body absorbs attacks. (AC +1, EV +1)
((You are camouflaged when in or above water. (Stealth+)))
You have tentacles for arms and can constrict up to eight enemies at once.


Message History

Deactivating autopickup; reactivate with Ctrl-A.
The endoplasm hits you but does no damage.
The frilled lizard hisses angrily.
You tentacle-slap the endoplasm.
The endoplasm is almost dead.
The endoplasm freezes you.
You are frozen.
There are monsters nearby!
There are monsters nearby!
There are monsters nearby!
There are monsters nearby!
You tentacle-slap the endoplasm.
You kill the endoplasm!
You closely miss the frilled lizard. You grab the frilled lizard.
You squeeze the frilled lizard.
You kill the frilled lizard!
You tentacle-slap the giant cockroach but do no damage.
You grab the giant cockroach. You constrict the giant cockroach.
The giant cockroach bites you but does no damage.
The giant cockroach bites you.
You tentacle-slap the giant cockroach.
The giant cockroach is severely wounded.
You constrict the giant cockroach.
You kill the giant cockroach!
Something hits you!
No target in view!
A magic dart appears from out of thin air!
The magic dart hits you.
A magic dart appears from out of thin air!
The magic dart hits you.
* * * LOW HITPOINT WARNING * * *
A hobgoblin comes into view.
You are confused.
The hobgoblin shouts!
Found a beast talisman.
You bump into the rock wall.
A puff of flame appears from out of thin air!
The puff of flame hits you!
Ouch! That really hurt!
You die...

#.....# #.....##
#......% ......
.......... ....#
)#......# ... .........
#g# ...#..#.. #h##
#........
#..####........
##...##.....##
###{##.†....#.
#.##.{......
#.##.......#
#..........####
###...###......
###########..#####.###.


You could see a hobgoblin.

Vanquished Creatures
  An adder (D:2)
  2 worms (D:2)
  A dart slug (D:2)
  3 ball pythons (D:1)
  4 bats
  3 endoplasms
  A giant cockroach (D:2)
  5 goblins
  2 hobgoblins (D:1)
  2 quokkas (D:1)
  4 frilled lizards
  3 kobolds
  8 rats
39 creatures vanquished.

Notes
Turn   | Place    | Note
-------+----------+-------------------------------------------
     0 | D:1      | LeprechaunX the Octopode Shapeshifter began the quest for
                  | the Orb.
     0 | D:1      | Reached XP level 1. HP: 13/13 MP: 1/1
    70 | D:1      | Found Qoaluheg's Book Shoppe.
    96 | D:1      | Reached XP level 2. HP: 18/18 MP: 2/2
   182 | D:1      | Found Aptorphan's Weapon Shoppe.
   262 | D:1      | Found Wyuf's Jewellery Shop.
   391 | D:1      | Reached XP level 3. HP: 21/23 MP: 3/3
   839 | D:2      | Noticed Sigmund
   858 | D:2      | Killed from afar by Sigmund

Illustrated notes

Levels and vault maps discovered:
D:1:      dpeg_arrival_windows_large_door, layout_basic, serial_shops, shop,
          nicolae_book_shop_shelving, nicolae_shop_bloodbath_and_beyond
D:2:      layout_rooms, minmay_misc_feat_plants, nicolae_twisty_statue_hallways,
          uniq_sigmund

Action                     || total
---------------------------++-------
  Melee: Unarmed           ||    66
         Tentacles         ||    15
         Constrict         ||    16
   Stab: Sleeping          ||     6
 Armour: Skin              ||    20
  Dodge: Dodged            ||    27

Table legend: (Time is in decaauts)
 A = Elapsed time spent in this place.
 B = Non-inter-level travel time spent in this place.
 C = Inter-level travel time spent in this place.
 D = Time resting spent in this place.
 E = Time spent auto-exploring this place.
 F = Levels seen in this place.
 G = Mean time per level.
                   A        B        C        D        E       F      G
               +--------+--------+--------+--------+--------+-----+--------+
         Total |    853 |    837 |     16 |      0 |    622 |   2 |  426.5 |
       Dungeon |    853 |    837 |     16 |      0 |    622 |   2 |  426.5 |
               +--------+--------+--------+--------+--------+-----+--------+

Top non-repeatable levels by time:
     D:1: 693 daAuts
     D:2: 160 daAuts
